 Dungeon Crawl Stone Soup version 0.31.0-11-ge490571c62 (webtiles) character file.

Game seed: 6674800224683183490

11 thirtiethelement the Trooper (level 2, 0/24 HPs)
             Began as a Demonspawn Berserker on Jan 29, 2024.
             Was a Follower of Trog.
             Slain by a hobgoblin (1 damage)
             ... on level 1 of the Dungeon.
             The game lasted 00:00:18 (236 turns).

thirtiethelement the Trooper (Demonspawn Berserker)  Turns: 236, Time: 00:00:19

Health: 0/24       AC:  2    Str: 17    XL:     2   Next: 13%
Magic:  2/2        EV: 12    Int:  7    God:    Trog [*.....]
Gold:   28         SH:  0    Dex: 12    Spells: 1/1 levels left

rFire   . . .        a - +0 mace
rCold   . . .        (no shield)
rNeg    . . .        b - +0 animal skin
rPois   .            (helmet restricted)
rElec   .            (no cloak)
rCorr   .            (no gloves)
SInv    .            (no boots)
Will    .....        (no amulet)
Stlth   +            (no ring)
HPRegen 0.24/turn    (no ring)
MPRegen 0.08/turn

%: no passive effects
@: no status effects
A: horns 1
a: Renounce Religion, Berserk


You were on level 1 of the Dungeon.
You worshipped Trog.
Trog was aware of your devotion.
You visited 1 branch of the dungeon, and saw 1 of its levels.

You collected 28 gold pieces.

Inventory:

Hand Weapons
 a - a +0 mace (weapon)
Armour
 b - a +0 animal skin (worn)
Scrolls
 c - a scroll of identify {unknown}
Potions
 d - a potion of curing {unknown}


   Skills:
 + Level 3.3 Fighting
 + Level 2.9 Maces & Flails
 + Level 1.8 Armour
 + Level 1.8 Dodging


You had one spell level left.
You didn't know any spells.
Your spell library was empty.

Dungeon Overview and Level Annotations

Branches:
Dungeon (1/15)

Altars:


Innate Abilities, Weirdness & Mutations

You have a pair of small horns on your head.


Message History

You closely miss the jackal. The jackal bites you. x2
The goblin hits you but does no damage. The hobgoblin misses you.
You are too injured to fight recklessly!
You are too injured to fight recklessly!
You are too injured to fight recklessly!
You completely miss the goblin. The jackal misses you.
The goblin hits you with a +0 dagger. The hobgoblin closely misses you.
The jackal bites you but does no damage.
You sock the goblin!
You kill the goblin!
Trog accepts your kill. The jackal misses you. The hobgoblin misses you.
The jackal misses you. The hobgoblin barely misses you. The jackal bites you.
The hobgoblin misses you.
You see here a +0 dagger.
You barely miss the jackal. The jackal closely misses you.
The jackal barely misses you. The hobgoblin misses you.
You barely miss the jackal. Your headbutt misses the jackal.
The jackal bites you. The hobgoblin closely misses you.
The jackal closely misses you.
You hit the jackal but do no damage. The jackal misses you.
The hobgoblin hits you. The jackal barely misses you.
You hit the jackal.
You kill the jackal!
Trog accepts your kill. The hobgoblin barely misses you.
The hobgoblin hits you.
* * * LOW HITPOINT WARNING * * *
The hobgoblin closely misses you.
You barely miss the hobgoblin. The hobgoblin barely misses you.
You barely miss the hobgoblin. The hobgoblin closely misses you.
You barely miss the hobgoblin. Your headbutt misses the hobgoblin.
The hobgoblin hits you.
* * * LOW HITPOINT WARNING * * *
You completely miss the hobgoblin. The hobgoblin hits you.
* * * LOW HITPOINT WARNING * * *
The hobgoblin closely misses you.
You barely miss the hobgoblin. The hobgoblin closely misses you.
You barely miss the hobgoblin. The hobgoblin closely misses you.
You barely miss the hobgoblin. The hobgoblin hits you.
You die...

#.# #. #.# #. #.# #.
##.## ## ##...## #
##.....## # ###.
##.......## #
.....#.........# #
#......@.......# #
.......g)......# #
...............#########
........................
........#......#########
.......######.## #.....#
#.# ##...# ... ##+# ##.#


You could see a hobgoblin.

Vanquished Creatures
  A goblin (D:1)
  6 jackals (D:1)
  A ball python (D:1)
  A rat (D:1)
9 creatures vanquished.

Notes
Turn   | Place    | Note
-------+----------+-------------------------------------------
     0 | D:1      | thirtiethelement the Demonspawn Berserker began the quest
                  | for the Orb.
     0 | D:1      | Reached XP level 1. HP: 18/18 MP: 1/1
   219 | D:1      | Discovered your monstrous ancestry.
   219 | D:1      | Gained mutation: You have a pair of small horns on your
                  | head. [demonic ancestry]
   219 | D:1      | Reached XP level 2. HP: 20/24 MP: 2/2
   233 | D:1      | HP: 1/24 [hobgoblin (3)]
   236 | D:1      | Slain by a hobgoblin

Illustrated notes

Levels and vault maps discovered:
D:1:      psy_arrival_fountain, layout_loops_corners

Action                     || total
---------------------------++-------
  Melee: Mace              ||    34
 Armour: Animal skin       ||    28
  Dodge: Dodged            ||    52
